 Dungeon Crawl Stone Soup version 0.22.1-6-g1668fe2c40 (webtiles) character file.

604 Gargoyl the Chopper (level 7, 0/59 HPs)
             Began as a Centaur Abyssal Knight on Jan 27, 2019.
             Was a Priest of Lugonu.
             Slain by an orc
             ... wielding a +0 trident
              (2 damage)
             ... on level 4 of the Dungeon.
             The game lasted 00:07:28 (3920 turns).

Gargoyl the Chopper (Centaur Abyssal Knight)        Turns: 3920, Time: 00:07:29

Health: 0/59       AC: 10    Str: 15    XL:     7   Next: 18%
Magic:  9/9        EV:  8    Int: 11    God:    Lugonu [***...]
Gold:   250        SH:  2    Dex: 10    Spells: 6/6 levels left

rFire    + . .     SeeInvis .   a - +1 hand axe
rCold    . . .     Gourm    .   (no shield)
rNeg     . . .     Faith    .   d - +2 scale mail {rF+}
rPois    .         Spirit   .   b - +0 helmet
rElec    .         Reflect  +   (no cloak)
rCorr    .         Harm     .   (no gloves)
MR       .....                  (no barding)
Stlth    ..........             i - +2 amulet of reflection
HPRegen  0.19/turn              (no ring)
MPRegen  0.11/turn              (no ring)

@: very quick
A: large, hooves 3, deformed body, speed 2, screaming 1, tough skin 3,
MP-powered wands
a: Depart the Abyss, Bend Space, Banish, Renounce Religion


You were on level 4 of the Dungeon.
You worshipped Lugonu.
Lugonu was most pleased with you.
You were very hungry.

You visited 1 branch of the dungeon, and saw 4 of its levels.
You visited the Abyss 1 time.
You also visited: Sewer.

You collected 250 gold pieces.

Inventory:

Hand Weapons
 a - a +1 hand axe (weapon)
Armour
 b - a +0 helmet (worn)
 d - a +2 scale mail of fire resistance (worn)
Jewellery
 i - a +2 amulet of reflection (around neck)
Scrolls
 g - a scroll of identify
 h - a scroll of amnesia
 l - 2 scrolls of remove curse
 n - a scroll of blinking {unknown}
 p - a scroll of teleportation
 s - 2 scrolls of fog
Potions
 e - 2 potions of flight
 f - 3 potions of heal wounds
 j - a potion of haste {unknown}
 k - a potion of berserk rage {unknown}
 m - a potion of might
 q - a potion of brilliance
 r - a potion of magic
Comestibles
 c - 9 rations


   Skills:
 + Level 4.0 Fighting
 + Level 4.1 Axes
 * Level 3.2 Armour
 * Level 2.3 Dodging
 * Level 3.7 Invocations


You had 6 spell levels left.
You didn't know any spells.
Your spell library was empty.

Dungeon Overview and Level Annotations

Branches:
Dungeon (4/15)
 Temple: D:4-7

Altars:
Elyvilon
Nemelex Xobeh
Qazlal
Uskayaw
Vehumet
Yredelemnul


Innate Abilities, Weirdness & Mutations

You have hooves in place of feet.
Armour fits poorly on your strangely shaped body.
You cover ground very quickly.
You have extremely tough skin. (AC +3)
You occasionally shout uncontrollably at your foes.
You expend magic power (3 MP) to strengthen your wands.


Message History

You hit the orc but do no damage. Your kick misses the orc.
The orc is almost dead.
The orc closely misses you.
The orc hits you from afar with a trident.
* * * LOW HITPOINT WARNING * * *
Unknown command.
You hit the orc.
You kill the orc!
Lugonu accepts your kill.
The centaur wields a shortbow.
The centaur shoots an arrow.
The arrow hits you!
* * * LOW HITPOINT WARNING * * *
The orc barely misses you.
The centaur shoots an arrow.
The arrow hits you.
* * * LOW HITPOINT WARNING * * *
Items here: " ( ) [ † an arrow; a flail; a ring mail; a small soapstone amulet; an orc corpse Unknown command.
The centaur unwields an uncursed shortbow.
The centaur barely misses you. The orc hits you with a trident.
You die...

.# ##.# ## .##.# ##..# ...
...# ####..## ..#
#..####....## . ...
###.......##### ###.
#.####.....#.#.##..#
....##..........#.#....## .
#......c#......#.....####
.###
#...##.@o...........)).#
.>.# #..##(#)..........##<.
#o.#####...(#..).<.####...##
#..##....###.....## #.#..#
#.#..#.####.....# #.##..
#...##...#......# #.###.
##...###.#.#....# #..##.
#..#........⌠.### ##..##
#..######...#..#### ##..#


You could see a centaur and an orc.

Vanquished Creatures
  Purgy (Sewer)
  A sky beast (D:3)
  2 scorpions (D:4)
  An orc priest (D:3)
  An orc wizard (D:4)
  An iguana (D:4)
  A hound skeleton (D:4)
  3 adders
  3 oozes
  2 worms
  2 dart slugs (D:1)
  4 leopard geckos
  8 orcs
  3 ball pythons
  10 bats
  6 giant cockroaches
  10 goblins
  11 hobgoblins
  4 jackals (D:4)
  9 kobolds
  11 frilled lizards
  8 rats
102 creatures vanquished.

Vanquished Creatures (others)
  An orc warrior (D:3)
1 creature vanquished.

Grand Total: 103 creatures vanquished

Notes
Turn   | Place    | Note
-------+----------+-------------------------------------------
     0 | Abyss:1  | Gargoyl the Centaur Abyssal Knight began the quest for the
                  | Orb.
     0 | Abyss:1  | Reached XP level 1. HP: 19/19 MP: 2/2
    70 | Abyss:2  | Noticed a small abomination
    84 | Abyss:2  | Noticed a ynoxinul
    86 | D:1      | Escaped the Abyss
   237 | D:1      | Reached * piety under Lugonu
   237 | D:1      | Reached XP level 2. HP: 26/26 MP: 3/3
   442 | D:1      | Reached skill level 1 in Dodging
   578 | D:1      | Reached XP level 3. HP: 30/31 MP: 4/4
  1374 | D:2      | Reached XP level 4. HP: 31/38 MP: 5/5
  1536 | D:2      | Reached ** piety under Lugonu
  2121 | D:3      | Found a radiant altar of Vehumet.
  2121 | D:3      | Found a white marble altar of Elyvilon.
  2127 | D:3      | Found a stormy altar of Qazlal.
  2129 | D:3      | Found a basalt altar of Yredelemnul.
  2131 | D:3      | Found a hide-covered altar of Uskayaw.
  2422 | D:3      | Found a sparkling altar of Nemelex Xobeh.
  2538 | D:3      | Reached XP level 5. HP: 18/46 MP: 7/7
  2678 | D:3      | Found a glowing drain.
  2706 | Sewer    | Entered a sewer
  2829 | Sewer    | Noticed Purgy
  2850 | Sewer    | Killed Purgy
  2850 | Sewer    | Reached XP level 6. HP: 47/52 MP: 8/8
  3027 | D:4      | Noticed a sky beast
  3037 | D:4      | HP: 2/52 [poisoned by a scorpion]
  3039 | D:4      | Gained mutation: You occasionally shout uncontrollably at
                  | your foes. [potion of mutation]
  3039 | D:4      | Gained mutation: You expend magic power (3 MP) to
                  | strengthen your wands. [potion of mutation]
  3068 | D:3      | Killed a sky beast
  3365 | D:4      | Reached *** piety under Lugonu
  3717 | D:4      | Noticed an orc warrior
  3718 | D:4      | Reached XP level 7. HP: 57/59 MP: 9/9
  3919 | D:4      | HP: 2/59 [centaur/arrow (5)]
  3920 | D:4      | Slain by an orc

Skill      XL: |  1  2  3  4  5  6  7 |
---------------+----------------------+-----
Dodging        | 1 2 |  2.3
Axes           | 2 3 4 |  4.1
Armour         | 2 3 |  3.2
Invocations    | 3 |  3.7
Fighting       | 4 |  4.0

Action                   |  1- 3 |  4- 6 |  7- 9 || total
-------------------------+-------+-------+-------++-------
Melee: Hand axe          |   114 |   198 |    22 ||   334
       Kick              |    12 |    40 |     2 ||    54
Invok: Depart the Abyss  |     1 |       |       ||     1
       Banish            |       |       |     1 ||     1
  Use: Scroll            |     4 |     5 |       ||     9
       Potion            |       |     7 |       ||     7
  Eat: Chunk             |       |     4 |       ||     4
       Ration            |       |     1 |       ||     1
Armor: Scale mail        |   110 |   141 |     5 ||   256
Dodge: Dodged            |    61 |    83 |    20 ||   164
Block: Other             |       |    13 |       ||    13
